 Dungeon Crawl Stone Soup version 0.29.0-4-gdea44cf6ec (webtiles) character file.

Game seed: 15339867298047880184

67 qw the Chopper (level 4, -6/24 (26) HPs)
             Began as a Tengu Warper on Aug 28, 2022.
             Mangled by Terence
             ... wielding the +7 Throatcutter {drain, coup de grace}
              (7 damage)
             ... on level 2 of the Dungeon.
             The game lasted 00:00:10 (1761 turns).

qw the Chopper (Tengu Warper)                       Turns: 1761, Time: 00:00:11

HP:   -6/24 (26)    AC:  5    Str: 13    XL:     4   Next: 18%
MP:   8/8           EV: 11    Int: 14    God:
Gold: 60            SH:  0    Dex: 13    Spells: 7/7 levels left

rFire   . . .      SeeInvis .   Y - +0 hand axe
rCold   . . .      Faith    .   (no shield)
rNeg    . . .      Spirit   .   h - +0 ring mail
rPois   .          Reflect  .   (helmet restricted)
rElec   .          Harm     .   (no cloak)
rCorr   .          Rampage  .   (no gloves)
Will    +....                   (boots unavailable)
Stlth   +.........              (no amulet)
HPRegen 0.08/turn               d - ring of willpower
MPRegen 0.11/turn               (no ring)

@: drained
A: beak, talons 3
a: no special abilities


You were on level 2 of the Dungeon.
You visited 1 branch of the dungeon, and saw 2 of its levels.

You collected 60 gold pieces.


Innate Abilities, Weirdness & Mutations

You have a beak for a mouth.
You have claws for feet.


   Skills:
 - Level 2.0 Fighting
 + Level 4.8 Axes
 - Level 1.0 Throwing
 - Level 1.1 Armour
 - Level 2.1 Dodging
 - Level 2.0 Spellcasting
 - Level 2.4 Translocations


You had 7 spell levels left.
You didn't know any spells.
Your spell library contained the following spells:

 Spells                   Type           Power      Damage    Failure   Level
 Blink                    Tloc           16%        N/A       28%         2
 Gell's Gravitas          Tloc           8%         N/A       50%         3
 Lesser Beckoning         Tloc           8%         N/A       50%         3
 Teleport Other           Tloc           8%         N/A       50%         3
 Manifold Assault         Tloc           8%         N/A       99%         5

Inventory:

Hand Weapons
 j - a +0 whip
 Y - a +0 hand axe (weapon)
Missiles
 a - 5 boomerangs
 l - a javelin (quivered)
Armour
 h - a +0 ring mail (worn)
Jewellery
 d - a ring of willpower (left hand)
Scrolls
 f - a scroll of identify
 g - a scroll of teleportation
Potions
 b - a potion of flight {unknown}
 c - a potion of might {unknown}
 e - a potion of magic {unknown}
 i - 2 potions of heal wounds {unknown}
 k - a potion of attraction {unknown}
 m - a potion of haste {unknown}

Dungeon Overview and Level Annotations

Branches:
Dungeon (2/15)

Altars:
Wu Jian

Annotations:
D:2 Terence


Message History

Throw: 4 javelins
Press: ? - help, Q - select action, (/) - cycle Shift-Dir - straight line, f - goblin You throw a javelin.
The javelin misses the goblin.
Throw: 3 javelins
Press: ? - help, Q - select action, (/) - cycle Shift-Dir - straight line, f/p - goblin You throw a javelin.
The javelin completely misses the goblin.
The teleport trap disappears.
The goblin disappears!
A rat comes into view.
Throw: 2 javelins
Press: ? - help, Q - select action, (/) - cycle Shift-Dir - straight line, f - rat You throw a javelin.
The javelin pierces through the rat!
You kill the rat!
Found a pair of boots.
l - 3 javelins (gained 2)
You see here a rat corpse.
l - 4 javelins (gained 1)
Found a club.
Enter note: You now have 60 gold pieces (gained 12).
Terence the Incautious comes into view.
He is wielding the +7 Throatcutter {drain, coup de grace}.
Terence shouts!
Throw: 4 javelins
Press: ? - help, Q - select action, (/) - cycle Shift-Dir - straight line, f - Terence You throw a javelin.
The javelin closely misses Terence.
Throw: 3 javelins
Press: ? - help, Q - select action, (/) - cycle Shift-Dir - straight line, f/p - Terence You throw a javelin.
The javelin closely misses Terence.
Throw: 2 javelins
Press: ? - help, Q - select action, (/) - cycle Shift-Dir - straight line, f/p - Terence You throw a javelin.
The javelin pierces through Terence but does no damage.
Terence drinks a potion.
Terence goes berserk!
You hit Terence. You peck Terence, but do no damage.
Terence is lightly wounded.
Terence closely misses you.
Terence hits you with the +7 Throatcutter {drain, coup de grace}!!
Ouch! That really hurt!
You feel drained.
You die...

........###.##.#####..#.#.
........# #[...# #......
........# ###..# ###....
........###....# #......
###.........##.# #......
#.......####.# #(.....
#.......# #.. #....<.
#.......#####.. #......
#......@@.....( #######
#.......######. #..
#.......# #.. #)......#
#.. #.......# ###
#########


You could see Terence (berserk).

Vanquished Creatures
  2 adders (D:2)
  2 dart slugs (D:1)
  3 ball pythons
  5 endoplasms
  A giant cockroach (D:1)
  3 goblins
  5 hobgoblins
  5 jackals (D:1)
  3 quokkas
  3 bats
  3 kobolds
  7 rats
42 creatures vanquished.

Notes
Turn   | Place    | Note
-------+----------+-------------------------------------------
     0 | D:1      | qw the Tengu Warper began the quest for the Orb.
     0 | D:1      | Reached XP level 1. HP: 12/12 MP: 4/4
     0 | D:1      | 0 ||| qw: Version: 0.1-a-89-g26bdef1
     0 | D:1      | 0 ||| qw: Game counter: 3036
     0 | D:1      | 0 ||| qw: Always use a shield: true
     0 | D:1      | 0 ||| qw: God list: Okawaru
     0 | D:1      | 0 ||| qw: Allow faded altars: false
     0 | D:1      | 0 ||| qw: Do Orc after D:15 true
     0 | D:1      | 0 ||| qw: Do second Lair branch before Depths: true
     0 | D:1      | 0 ||| qw: Lair rune preference: random
     0 | D:1      | 0 ||| qw: Plans: Normal
     0 | D:1      | 0 ||| PLANNING D:1-11
   109 | D:1      | 109 ||| Stepping ~*~*~tactically~*~*~ (hiding).
   211 | D:1      | 211 ||| Stepping ~*~*~tactically~*~*~ (hiding).
   338 | D:1      | Reached XP level 2. HP: 17/17 MP: 6/6
   386 | D:1      | 386 ||| Stepping ~*~*~tactically~*~*~ (stealth).
   392 | D:1      | Reached skill level 3 in Axes
   470 | D:1      | 470 ||| Stepping ~*~*~tactically~*~*~ (hiding).
   574 | D:1      | 574 ||| Stepping ~*~*~tactically~*~*~ (hiding).
   676 | D:1      | 676 ||| Stepping ~*~*~tactically~*~*~ (hiding).
   843 | D:1      | 843 ||| Stepping ~*~*~tactically~*~*~ (stealth).
   846 | D:1      | 846 ||| Stepping ~*~*~tactically~*~*~ (stealth).
   848 | D:1      | 848 ||| Stepping ~*~*~tactically~*~*~ (stealth).
   911 | D:1      | Reached XP level 3. HP: 20/21 MP: 7/7
  1195 | D:1      | Reached skill level 4 in Axes
  1296 | D:1      | 1296 ||| UPGRADING to +0 ring mail.
  1306 | D:1      | 1306 ||| DROPPING +0 leather armour.
  1307 | D:1      | 1307 ||| READING scroll labelled QAN JON DAOMMA.
  1312 | D:1      | 1312 ||| READING scroll labelled UCSUNE ZITSIPA.
  1313 | D:1      | 1313 ||| READING scroll labelled HENOESK BIARUOKI.
  1314 | D:1      | 1314 ||| READING scroll labelled KARCHA NYIREHOID.
  1315 | D:1      | 1315 ||| READING scroll labelled WIONGA SAUC.
  1316 | D:1      | 1316 ||| DRINKING 2 black potions.
  1317 | D:1      | 1317 ||| DROPPING scroll of blinking.
  1318 | D:1      | 1318 ||| Stepping randomly (stuck).
  1319 | D:1      | 1319 ||| Stepping ~*~*~tactically~*~*~ (cloud).
  1320 | D:1      | 1320 ||| DRINKING potion of curing.
  1320 | D:1      | 1320 ||| (to cure poison)
  1376 | D:2      | 1376 ||| Stepping ~*~*~tactically~*~*~ (stealth).
  1536 | D:2      | Found an ornate altar of the Wu Jian Council.
  1550 | D:2      | Reached XP level 4. HP: 26/26 MP: 8/8
  1575 | D:2      | 1575 ||| Stepping ~*~*~tactically~*~*~ (stealth).
  1579 | D:2      | 1579 ||| Stepping ~*~*~tactically~*~*~ (stealth).
  1581 | D:2      | 1581 ||| Stepping ~*~*~tactically~*~*~ (stealth).
  1585 | D:2      | 1585 ||| Stepping ~*~*~tactically~*~*~ (hiding).
  1592 | D:2      | 1592 ||| FLEEEEING.
  1593 | D:2      | 1593 ||| FLEEEEING.
  1594 | D:2      | 1594 ||| FLEEEEING.
  1595 | D:2      | 1595 ||| FLEEEEING.
  1596 | D:2      | 1596 ||| FLEEEEING.
  1597 | D:2      | 1597 ||| FLEEEEING.
  1598 | D:2      | 1598 ||| FLEEEEING.
  1599 | D:2      | 1599 ||| FLEEEEING.
  1600 | D:2      | 1600 ||| FLEEEEING.
  1602 | D:2      | 1602 ||| FLEEEEING.
  1603 | D:2      | 1603 ||| STAIRDANCE
  1633 | D:1      | 1633 ||| UPGRADING to ring of willpower.
  1756 | D:2      | Noticed Terence
  1761 | D:2      | HP: 1/26 [Terence/the +7 Throatcutter {drain, coup de
                  | grace} (25)]
  1761 | D:2      | Mangled by Terence

Levels and vault maps discovered:
D:1:      onia_arrival_handbag, layout_loops_ring, due_unseen_surprise
D:2:      layout_rooms, basic_altar, uniq_terence

Skill      XL: |  1  2  3 |
---------------+----------+-----
Axes           | 3 4 |  4.8
Fighting       | |  2.0
Throwing       | |  1.0
Armour         | |  1.1
Dodging        | |  2.1
Spellcasting   | |  2.0
Translocations | |  2.4

Action                   |  1- 3 |  4- 6 || total
-------------------------+-------+-------++-------
Melee: Hand axe          |    63 |    15 ||    78
       Kick              |     9 |     6 ||    15
       Peck              |     7 |     4 ||    11
Throw: Boomerang         |    11 |       ||    11
       Javelin           |    15 |     9 ||    24
  Use: Scroll            |     5 |       ||     5
       Potion            |     2 |       ||     2
Armor: Leather armour    |    15 |       ||    15
       Ring mail         |     8 |     8 ||    16
Dodge: Dodged            |    31 |     6 ||    37

Table legend:
 A = Non-vault XP
 B = Vault XP
 C = Vault XP percentage of total XP
 D = Non-vault monster count
 E = Vault monster count
 F = Vault count percentage of total count
                 A         B        C        D         E       F
            +---------+---------+-------+---------+---------+-------
      Total |      93 |       4 |   4.1 |      38 |       4 |   9.5
            +---------+---------+-------+---------+---------+-------
        D:1 |      41 |       4 |   8.9 |      21 |       4 |  16.0
        D:2 |      52 |       0 |   0.0 |      17 |       0 |   0.0
            +---------+---------+-------+---------+---------+-------
